TOP OF THE 1ST |
Albuquerque Isotopes batting - Pitching for Gresham Gold Souls : RHP Butch Ramey
|
Pitching: RHP Butch Ramey
|
|
Batting: LHB A.J. Major
|
0-0: Swinging Strike 0-1: Ball 1-1: Fly out, F7 (Flyball, 78M)
|
Batting: SHB Lee Townsend
|
0-0: Called Strike 0-1: Foul Ball, location: 2F 0-2: Ground out 2-3 (Groundball, 25)
|
Batting: RHB Edward Young
|
0-0: Ground out 6-3 (Groundball, 6M)
|
Top of the 1st over - 0 run(s), 0 hit(s), 0 error(s), 0 left on base; Albuquerque 0 - Gresham 0 |
BOTTOM OF THE 1ST |
Gresham Gold Souls batting - Pitching for Albuquerque Isotopes : RHP Zózimo Pascoal
|
Pitching: RHP Zózimo Pascoal
|
|
Batting: RHB Daniel Guerrero
|
0-0: Foul Ball, location: 2F 0-1: SINGLE (Line Drive, 8LS)
|
Batting: RHB Douglas Davis
|
0-0: Ball 1-0: Ball 2-0: Swinging Strike 2-1: Fly out, F7 (Line Drive, 7M)
|
Batting: RHB Pablo Castillo
|
0-0: Swinging Strike 0-1: Ball Daniel Guerrero steals 2nd base 1-1: Called Strike 1-2: Ball 2-2: Ball 3-2: Base on Balls
|
Batting: LHB Mike Young
|
0-0: Fielders Choice at 2nd, 4-6 (Groundball, 4) Daniel Guerrero to third
|
Batting: RHB Lorenzo Morín
|
Pickoff Throw to First - Out!
|
Bottom of the 1st over - 0 run(s), 1 hit(s), 0 error(s), 0 left on base; Albuquerque 0 - Gresham 0 |
TOP OF THE 2ND |
Albuquerque Isotopes batting - Pitching for Gresham Gold Souls : RHP Butch Ramey
|
Batting: LHB Juan Carlos Sánchez
|
0-0: Called Strike 0-1: Ball 1-1: Fly out, F5 (Popup, 5S)
|
Batting: LHB Mark Vestal
|
0-0: Ball 1-0: Ball 2-0: Reached on error, E4 (Groundball, 4)
|
Batting: LHB Domingo Cardona
|
0-0: Ball 1-0: Ball 2-0: Ball 3-0: Called Strike 3-1: Base on Balls
|
Batting: RHB Alfonso Huertas
|
0-0: Foul Ball, location: 2F 0-1: SINGLE (Groundball, 56D) (infield hit) Mark Vestal to third Domingo Cardona to second
|
Batting: SHB Tony McLaughlin
|
0-0: Ball 1-0: Foul Ball, location: 2F 1-1: SINGLE (Line Drive, 5D) Mark Vestal scores Domingo Cardona to third Alfonso Huertas to second Runner from 3rd tries for Home, SAFE, no throw or cutoff
|
Batting: RHB Juan Barrera
|
0-0: Called Strike 0-1: Foul Ball, location: 2F 0-2: Ground out 4-3 (Groundball, 4M) Alfonso Huertas to third Tony McLaughlin to second
|
Batting: LHB A.J. Major
|
0-0: Ball 1-0: Fly out, F6 (Popup, 6D)
|
Top of the 2nd over - 2 run(s), 2 hit(s), 1 error(s), 2 left on base; Albuquerque 2 - Gresham 0 |
BOTTOM OF THE 2ND |
Gresham Gold Souls batting - Pitching for Albuquerque Isotopes : RHP Zózimo Pascoal
|
Batting: RHB Lorenzo Morín
|
0-0: Ball 1-0: Foul Ball, location: 2F 1-1: Foul Ball, location: 2F 1-2: Strikes out swinging
|
Batting: SHB Sean Carr
|
0-0: Ball 1-0: DOUBLE (Line Drive, 7LS)
|
Batting: LHB Salvador Ruíz
|
0-0: Called Strike 0-1: Foul Ball, location: 2F 0-2: Foul Ball, location: 2F 0-2: Ball 1-2: Foul Ball, location: 2F 1-2: SINGLE (Line Drive, 7LS) Sean Carr to third
|
Batting: SHB Vicente Martínez
|
0-0: SINGLE (Line Drive, 4M) Sean Carr scores Salvador Ruíz to second
|
Batting: RHB Jeff Thompson
|
0-0: Ball 1-0: Ball 2-0: Foul Ball, location: 2F 2-1: SINGLE (Groundball, 3S) Salvador Ruíz to third Vicente Martínez to second Runner from 3rd tries for Home, SAFE, no throw or cutoff
|
Batting: RHB Daniel Guerrero
|
0-0: Ball 1-0: Ball 2-0: Ball 3-0: Called Strike 3-1: Base on Balls Vicente Martínez to third Jeff Thompson to second
|
Batting: RHB Douglas Davis
|
0-0: Foul Ball, location: 2F 0-1: Called Strike 0-2: Ball 1-2: Ball 2-2: Ground out 3-1 (Groundball, 34) Vicente Martínez scores Jeff Thompson to third Daniel Guerrero to second
|
Batting: RHB Pablo Castillo
|
0-0: Ball 1-0: Called Strike 1-1: Foul Ball, location: 2F 1-2: Ball 2-2: Ground out 6-3 (Groundball, 6)
|
Bottom of the 2nd over - 3 run(s), 4 hit(s), 0 error(s), 2 left on base; Albuquerque 2 - Gresham 3 |
TOP OF THE 3RD |
Albuquerque Isotopes batting - Pitching for Gresham Gold Souls : RHP Butch Ramey
|
Batting: SHB Lee Townsend
|
0-0: Ball 1-0: Bunted foul 1-1: Ball 2-1: Foul Ball, location: 2F 2-2: Ball 3-2: Base on Balls
|
Batting: RHB Edward Young
|
0-0: DOUBLE (Line Drive, 7D) Lee Townsend to third
|
Batting: LHB Juan Carlos Sánchez
|
0-0: Swinging Strike 0-1: Foul Ball, location: 2F 0-2: Strikes out swinging
|
Batting: LHB Mark Vestal
|
0-0: Called Strike 0-1: Ball 1-1: Foul Ball, location: 2F 1-2: Foul Ball, location: 2F 1-2: Ball 2-2: Foul Ball, location: 2F 2-2: DOUBLE (Flyball, 89XD) Lee Townsend scores Edward Young scores
|
Batting: LHB Domingo Cardona
|
0-0: Ball 1-0: Ball 2-0: DOUBLE (Line Drive, 34D) Mark Vestal scores
|
Batting: RHB Alfonso Huertas
|
0-0: Ball 1-0: Called Strike 1-1: Foul Ball, location: 2F 1-2: Foul Ball, location: 2F 1-2: Ball 2-2: SINGLE (Flyball, 7LS) Domingo Cardona to third Runner from 3rd tries for Home, SAFE, no throw or cutoff
|
Batting: SHB Tony McLaughlin
|
0-0: Swinging Strike 0-1: Swinging Strike 0-2: Strikes out swinging
|
Batting: RHB Juan Barrera
|
0-0: Ball 1-0: Called Strike Alfonso Huertas steals 2nd base 1-1: Ball 2-1: Swinging Strike 2-2: Ball 3-2: Strikes out swinging
|
Top of the 3rd over - 4 run(s), 4 hit(s), 0 error(s), 1 left on base; Albuquerque 6 - Gresham 3 |
BOTTOM OF THE 3RD |
Gresham Gold Souls batting - Pitching for Albuquerque Isotopes : RHP Zózimo Pascoal
|
Batting: LHB Mike Young
|
0-0: Called Strike 0-1: Swinging Strike 0-2: Ball 1-2: Foul Ball, location: 2F 1-2: Ball 2-2: Fly out, F7 (Flyball, 7LM)
|
Batting: RHB Lorenzo Morín
|
0-0: Called Strike 0-1: Ball 1-1: Foul Ball, location: 2F 1-2: Ball 2-2: Reached on error, E4 (Groundball, 4)
|
Batting: SHB Sean Carr
|
0-0: Ball 1-0: Called Strike 1-1: Ball 2-1: Called Strike 2-2: Fielders Choice at 2nd, 3-6 (Groundball, 3)
|
Batting: LHB Salvador Ruíz
|
0-0: Called Strike 0-1: Ball 1-1: Ball 2-1: Ball 3-1: SINGLE (Line Drive, 7S) Sean Carr to second
|
Batting: SHB Vicente Martínez
|
0-0: Ball 1-0: Called Strike 1-1: Ball 2-1: Fly out, F7 (Popup, 7S)
|
Bottom of the 3rd over - 0 run(s), 1 hit(s), 1 error(s), 2 left on base; Albuquerque 6 - Gresham 3 |
TOP OF THE 4TH |
Albuquerque Isotopes batting - Pitching for Gresham Gold Souls : RHP Butch Ramey
|
Batting: LHB A.J. Major
|
0-0: Called Strike 0-1: Ball 1-1: Ground out 6-3 (Groundball, 6M)
|
Batting: SHB Lee Townsend
|
0-0: Ball 1-0: Ball 2-0: Called Strike 2-1: Ball 3-1: Foul Ball, location: 2F 3-2: SOLO HOME RUN (Flyball, 9D), Distance : 401 ft
|
Batting: RHB Edward Young
|
0-0: Ground out 5-3 (Groundball, 5)
|
Batting: LHB Juan Carlos Sánchez
|
0-0: Foul Ball, location: 2F 0-1: Ball 1-1: Ball 2-1: Ball 3-1: Called Strike 3-2: Fly out, F8 (Flyball, 8LD)
|
Top of the 4th over - 1 run(s), 1 hit(s), 0 error(s), 0 left on base; Albuquerque 7 - Gresham 3 |
BOTTOM OF THE 4TH |
Gresham Gold Souls batting - Pitching for Albuquerque Isotopes : RHP Zózimo Pascoal
|
Batting: RHB Jeff Thompson
|
0-0: Ball 1-0: Ball 2-0: Called Strike 2-1: Ball 3-1: Foul Ball, location: 2F 3-2: Foul Ball, location: 2F 3-2: Foul Ball, location: 2F 3-2: Foul Ball, location: 2F 3-2: Base on Balls
|
Batting: RHB Daniel Guerrero
|
0-0: Fly out, F4 (Line Drive, 4)
|
Batting: RHB Douglas Davis
|
0-0: Called Strike 0-1: SINGLE (Groundball, 4MD) Jeff Thompson to second
|
Pitching: RHP Diego Chávez
|
|
Batting: RHB Pablo Castillo
|
0-0: Ball 1-0: Ball 2-0: Called Strike 2-1: Ball 3-1: Called Strike 3-2: Fly out, F7 (Flyball, 7M)
|
Batting: LHB Mike Young
|
0-0: Ball 1-0: Ball 2-0: Ball 3-0: Called Strike 3-1: DOUBLE (Flyball, 9LD) Jeff Thompson scores Douglas Davis to third
|
Batting: RHB Lorenzo Morín
|
0-0: Swinging Strike 0-1: Fly out, F2 (Popup, 2LF)
|
Bottom of the 4th over - 1 run(s), 2 hit(s), 0 error(s), 2 left on base; Albuquerque 7 - Gresham 4 |
TOP OF THE 5TH |
Albuquerque Isotopes batting - Pitching for Gresham Gold Souls : RHP Butch Ramey
|
Batting: LHB Mark Vestal
|
0-0: Ground out 4-3 (Groundball, 34)
|
Batting: LHB Domingo Cardona
|
0-0: Foul Ball, location: 2F 0-1: Swinging Strike 0-2: Ball 1-2: Foul Ball, location: 2F 1-2: Ball 2-2: Foul Ball, location: 2F 2-2: Ball 3-2: SINGLE (Line Drive, 9LS)
|
Batting: RHB Alfonso Huertas
|
0-0: Ball 1-0: Called Strike 1-1: Called Strike 1-2: Ball 2-2: SINGLE (Line Drive, 5) Domingo Cardona to second
|
Pitching: RHP José González
|
|
Batting: SHB Tony McLaughlin
|
0-0: Ball 1-0: Ball 2-0: Swinging Strike 2-1: Called Strike 2-2: Foul Ball, location: 2F 2-2: Ball 3-2: Foul Ball, location: 2F 3-2: Fly out, F8 (Flyball, 89XD) Runner from 2nd tags up, SAFE at 3rd, no throw
|
Batting: RHB Juan Barrera
|
0-0: SINGLE (Groundball, 56) Domingo Cardona scores Alfonso Huertas to second
|
Batting: LHB A.J. Major
|
0-0: Ball 1-0: Ball 2-0: Foul Ball, location: 2F 2-1: Foul Ball, location: 2F 2-2: Ball 3-2: Fly out, F9 (Flyball, 89XD)
|
Top of the 5th over - 1 run(s), 3 hit(s), 0 error(s), 2 left on base; Albuquerque 8 - Gresham 4 |
BOTTOM OF THE 5TH |
Gresham Gold Souls batting - Pitching for Albuquerque Isotopes : RHP Diego Chávez
|
Batting: SHB Sean Carr
|
0-0: Ball 1-0: Ball 2-0: Foul Ball, location: 2F 2-1: Foul Ball, location: 2F 2-2: Fly out, F8 (Flyball, 8LD)
|
Batting: LHB Salvador Ruíz
|
0-0: Foul Ball, location: 2F 0-1: Foul Ball, location: 2F 0-2: Ball 1-2: Ball 2-2: Foul Ball, location: 2F 2-2: Foul Ball, location: 2F 2-2: Ball 3-2: Foul Ball, location: 2F 3-2: Ground out 3-1 (Groundball, 34)
|
Batting: SHB Vicente Martínez
|
0-0: Ball 1-0: Swinging Strike 1-1: Swinging Strike 1-2: Ball 2-2: Ball 3-2: Base on Balls
|
Batting: RHB Jeff Thompson
|
0-0: Called Strike 0-1: Ground out U3 (Groundball, 3)
|
Bottom of the 5th over - 0 run(s), 0 hit(s), 0 error(s), 1 left on base; Albuquerque 8 - Gresham 4 |
TOP OF THE 6TH |
Albuquerque Isotopes batting - Pitching for Gresham Gold Souls : RHP José González
|
Batting: SHB Lee Townsend
|
0-0: Ball 1-0: Ball 2-0: Called Strike 2-1: SINGLE (Groundball, 4MD)
|
Batting: RHB Edward Young
|
0-0: Called Strike 0-1: Swinging Strike 0-2: SINGLE (Line Drive, 6D) Lee Townsend to second
|
Batting: LHB Juan Carlos Sánchez
|
0-0: Ball 1-0: Called Strike 1-1: Fly out, F2 (Popup, 2LF)
|
Batting: LHB Mark Vestal
|
0-0: DOUBLE (Flyball, 7D) Lee Townsend scores Edward Young to third Runner from 3rd tries for Home, SAFE, no throw or cutoff
|
Batting: LHB Domingo Cardona
|
0-0: Ball 1-0: Called Strike 1-1: Ball 2-1: Called Strike 2-2: Ball 3-2: Base on Balls
|
Batting: RHB Alfonso Huertas
|
0-0: Called Strike 0-1: Foul Ball, location: 2F 0-2: Strikes out swinging
|
Batting: SHB Tony McLaughlin
|
0-0: Ball 1-0: Ball 2-0: Fly out, F8 (Flyball, 8LS)
|
Top of the 6th over - 2 run(s), 3 hit(s), 0 error(s), 2 left on base; Albuquerque 10 - Gresham 4 |
BOTTOM OF THE 6TH |
Gresham Gold Souls batting - Pitching for Albuquerque Isotopes : RHP Diego Chávez
|
Batting: RHB Daniel Guerrero
|
0-0: Called Strike 0-1: Fly out, F8 (Flyball, 8RM)
|
Batting: RHB Douglas Davis
|
0-0: Ball 1-0: Ball 2-0: Ball 3-0: Called Strike 3-1: Foul Ball, location: 2F 3-2: Base on Balls
|
Batting: RHB Pablo Castillo
|
0-0: Ball 1-0: Ball 2-0: Foul Ball, location: 2F 2-1: Ball 3-1: Ground out 5-3 (Groundball, 56S) Douglas Davis to second
|
Batting: LHB Mike Young
|
0-0: Foul Ball, location: 2F 0-1: Swinging Strike 0-2: Ball 1-2: Ball 2-2: Ball 3-2: Foul Ball, location: 2F 3-2: Base on Balls
|
Batting: RHB Lorenzo Morín
|
0-0: SINGLE (Groundball, 56D) Douglas Davis to third Mike Young to second Runner from 3rd tries for Home, SAFE, throw made home Mike Young to third Lorenzo Morín to second
|
Pitching: RHP Pepe Hernández
|
|
Batting: SHB Sean Carr
|
0-0: Ball 1-0: Called Strike 1-1: Ground out 5-3 (Groundball, 56S)
|
Bottom of the 6th over - 1 run(s), 1 hit(s), 0 error(s), 2 left on base; Albuquerque 10 - Gresham 5 |
TOP OF THE 7TH |
Albuquerque Isotopes batting - Pitching for Gresham Gold Souls : RHP José González
|
Batting: RHB Juan Barrera
|
0-0: Foul Ball, location: 2F 0-1: Called Strike 0-2: Foul Ball, location: 2F 0-2: Ball 1-2: SINGLE (Flyball, 8RS)
|
Batting: LHB A.J. Major
|
0-0: Sac Bunt - play at first, batter OUT! 1-4 Juan Barrera to second
|
Pitching: RHP León Trevino
|
|
Batting: SHB Lee Townsend
|
0-0: DOUBLE (Line Drive, 89M) Juan Barrera scores
|
Batting: RHB Edward Young
|
0-0: Ball 1-0: Called Strike 1-1: Ball 2-1: Swinging Strike 2-2: Ground out 5-3 (Groundball, 5S) Lee Townsend to third
|
Batting: LHB Juan Carlos Sánchez
|
0-0: Ball 1-0: Called Strike 1-1: Ball 2-1: Called Strike 2-2: Strikes out looking
|
Top of the 7th over - 1 run(s), 2 hit(s), 0 error(s), 1 left on base; Albuquerque 11 - Gresham 5 |
BOTTOM OF THE 7TH |
Gresham Gold Souls batting - Pitching for Albuquerque Isotopes : RHP Pepe Hernández
|
Batting: LHB Salvador Ruíz
|
0-0: Ball 1-0: Swinging Strike 1-1: Ball 2-1: Foul Ball, location: 2F 2-2: Ball 3-2: Foul Ball, location: 2F 3-2: Foul Ball, location: 2F 3-2: Foul Ball, location: 2F 3-2: Base on Balls
|
Batting: SHB Vicente Martínez
|
0-0: Ball 1-0: Ball 2-0: Ball 3-0: Called Strike 3-1: Fly out, F8 (Flyball, 8LXD)
|
Batting: RHB Jeff Thompson
|
0-0: Called Strike 0-1: Ball 1-1: Foul Ball, location: 2F 1-2: Foul Ball, location: 2F 1-2: Fly out, F6 (Popup, 5DF)
|
Batting: RHB Daniel Guerrero
|
0-0: Ball 1-0: Fly out, F3 (Popup, 3F)
|
Bottom of the 7th over - 0 run(s), 0 hit(s), 0 error(s), 1 left on base; Albuquerque 11 - Gresham 5 |
TOP OF THE 8TH |
Albuquerque Isotopes batting - Pitching for Gresham Gold Souls : RHP León Trevino
|
Batting: LHB Mark Vestal
|
0-0: Foul Ball, location: 2F 0-1: Ball 1-1: Ball 2-1: Ball 3-1: Foul Ball, location: 2F 3-2: Strikes out swinging
|
Batting: LHB Domingo Cardona
|
0-0: Ball 1-0: Ball 2-0: Swinging Strike 2-1: Called Strike 2-2: Strikes out swinging
|
Batting: RHB Alfonso Huertas
|
0-0: Called Strike 0-1: Swinging Strike 0-2: Ball 1-2: Foul Ball, location: 2F 1-2: Strikes out swinging
|
Top of the 8th over - 0 run(s), 0 hit(s), 0 error(s), 0 left on base; Albuquerque 11 - Gresham 5 |
BOTTOM OF THE 8TH |
Gresham Gold Souls batting - Pitching for Albuquerque Isotopes : RHP Pepe Hernández
|
Now at 2B: Jorge Ramírez
|
|
Now at 3B: Donald Camp
|
|
Batting: RHB Douglas Davis
|
0-0: Ball 1-0: Ball 2-0: Foul Ball, location: 2F 2-1: Ball 3-1: Called Strike 3-2: Ground out 6-3 (Groundball, 6)
|
Batting: RHB Pablo Castillo
|
0-0: Fly out, F7 (Flyball, 7M)
|
Batting: LHB Mike Young
|
0-0: Ball 1-0: Swinging Strike 1-1: Swinging Strike 1-2: Ball 2-2: Foul Ball, location: 2F 2-2: Foul Ball, location: 2F 2-2: Ball 3-2: Foul Ball, location: 2F 3-2: Base on Balls
|
Batting: RHB Lorenzo Morín
|
0-0: DOUBLE (Line Drive, 7LD) Mike Young to third Runner from 3rd tries for Home, SAFE, no throw or cutoff
|
Batting: SHB Sean Carr
|
Balk! Lorenzo Morín to third 0-0: Ball 1-0: Ball 2-0: Foul Ball, location: 2F 2-1: Ball 3-1: Base on Balls
|
Pitching: LHP Dave Rice
|
|
Batting: LHB Salvador Ruíz
|
0-0: Ball 1-0: Foul Ball, location: 2F 1-1: Ball 2-1: Ball 3-1: Called Strike 3-2: Foul Ball, location: 2F 3-2: Base on Balls Sean Carr to second
|
Pitching: RHP Manny Muńóz
|
|
Batting: SHB Vicente Martínez
|
0-0: Called Strike 0-1: Called Strike 0-2: SINGLE (Groundball, 34S) Lorenzo Morín scores Sean Carr to third Salvador Ruíz to second Runner from 3rd tries for Home, SAFE, no throw or cutoff
|
Batting: RHB Jeff Thompson
|
0-0: DOUBLE (Groundball, 3L) Salvador Ruíz scores Vicente Martínez to third
|
Pinch Hitting: RHB Carlos García
|
0-0: Called Strike 0-1: Ball 1-1: SINGLE (Flyball, 8RS) Vicente Martínez scores Jeff Thompson to third Runner from 3rd tries for Home, SAFE, no throw or cutoff
|
Pitching: LHP Cris Quezada
|
|
Batting: RHB Douglas Davis
|
0-0: Ball 1-0: Called Strike 1-1: Ball 2-1: Ball 3-1: Fielders Choice at 2nd, 6-4 (Groundball, 6)
|
Bottom of the 8th over - 6 run(s), 4 hit(s), 0 error(s), 0 left on base; Albuquerque 11 - Gresham 11 |
TOP OF THE 9TH |
Albuquerque Isotopes batting - Pitching for Gresham Gold Souls : RHP León Trevino
|
Pitching: LHP Juan Ortíz
|
|
Now in RF: Carlos García
|
|
Pinch Hitting: RHB Wilson Gonzáles
|
0-0: Ball 1-0: Ball 2-0: Ball 3-0: Swinging Strike 3-1: Foul Ball, location: 2F 3-2: Foul Ball, location: 2F 3-2: Ground out 6-3 (Groundball, 6)
|
Pinch Hitting: RHB Arturo García
|
0-0: Swinging Strike 0-1: Ball 1-1: Foul Ball, location: 2F 1-2: Strikes out swinging
|
Pinch Hitting: RHB Juan Vareas
|
0-0: Ball 1-0: Ball 2-0: Ball 3-0: Called Strike 3-1: Called Strike 3-2: SINGLE (Flyball, 9LS)
|
Batting: SHB Lee Townsend
|
0-0: Called Strike 0-1: Swinging Strike 0-2: Ball 1-2: Strikes out swinging
|
Top of the 9th over - 0 run(s), 1 hit(s), 0 error(s), 1 left on base; Albuquerque 11 - Gresham 11 |
BOTTOM OF THE 9TH |
Gresham Gold Souls batting - Pitching for Albuquerque Isotopes : LHP Cris Quezada
|
Now at C: José Bautista
|
|
Now at 2B: Wilson Gonzáles
|
|
Now in CF: Arturo García
|
|
Batting: RHB Pablo Castillo
|
0-0: Called Strike 0-1: Called Strike 0-2: Ball 1-2: Foul Ball, location: 2F 1-2: Ball 2-2: Foul Ball, location: 2F 2-2: Ball 3-2: Fly out, F6 (Popup, 6MD)
|
Pinch Hitting: RHB Luke McIndoe
|
0-0: Ball 1-0: Fly out, F7 (Flyball, 78XD)
|
Batting: RHB Lorenzo Morín
|
0-0: Ball 1-0: Foul Ball, location: 2F 1-1: Foul Ball, location: 2F 1-2: SINGLE (Flyball, 8RS)
|
Batting: SHB Sean Carr
|
0-0: Called Strike 0-1: Foul Ball, location: 2F 0-2: Ball 1-2: Fly out, F7 (Flyball, 78S)
|
Bottom of the 9th over - 0 run(s), 1 hit(s), 0 error(s), 1 left on base; Albuquerque 11 - Gresham 11 |
TOP OF THE 10TH |
Albuquerque Isotopes batting - Pitching for Gresham Gold Souls : LHP Juan Ortíz
|
Now in LF: George Jost
|
|
Batting: RHB Edward Young
|
0-0: Called Strike 0-1: Fly out, F8 (Flyball, 89M)
|
Pinch Hitting: RHB Cristián Herrera
|
0-0: Swinging Strike 0-1: Ball 1-1: Ball 2-1: Swinging Strike 2-2: Strikes out swinging
|
Batting: LHB Mark Vestal
|
0-0: Ball 1-0: Ball 2-0: Ball 3-0: Base on Balls
|
Pinch Hitting: RHB Roberto Pérez
|
0-0: Called Strike 0-1: Ball 1-1: Ball 2-1: Foul Ball, location: 2F 2-2: Foul Ball, location: 2F 2-2: Ground out 5-3 (Groundball, 5)
|
Top of the 10th over - 0 run(s), 0 hit(s), 0 error(s), 1 left on base; Albuquerque 11 - Gresham 11 |
BOTTOM OF THE 10TH |
Gresham Gold Souls batting - Pitching for Albuquerque Isotopes : LHP Cris Quezada
|
Now at 1B: Cristián Herrera
|
|
Now at 3B: David Griffin
|
|
Batting: LHB Salvador Ruíz
|
0-0: Swinging Strike 0-1: Called Strike 0-2: Ball 1-2: Ball 2-2: Foul Ball, location: 2F 2-2: SINGLE (Line Drive, 56D)
|
Pinch Hitting: RHB Steve Field
|
0-0: Bunted foul 0-1: Sac Bunt - play at first, batter OUT! U3 Salvador Ruíz to second
|
Batting: RHB Jeff Thompson
|
0-0: Ball 1-0: Ball 2-0: Foul Ball, location: 2F 2-1: Ball 3-1: DOUBLE (Flyball, 8LXD) Salvador Ruíz scores
|
|